 Dungeon Crawl Stone Soup version 0.28.0-43-g3370ac3207 (webtiles) character file.

Game seed: 18172708202216791228

55 Zeld the Chopper (level 3, -2/49 HPs)
             Began as a Minotaur Berserker on Mar 7, 2022.
             Was a Believer of Trog.
             Slain by an orc
             ... wielding a +0 flail
              (8 damage)
             ... on level 2 of the Dungeon.
             The game lasted 00:00:55 (1115 turns).

Zeld the Chopper (Minotaur Berserker)               Turns: 1115, Time: 00:00:55

Health: -2/49      AC:  2    Str: 23    XL:     3   Next: 67%
Magic:  2/2        EV: 12    Int:  4    God:    Trog [**....]
Gold:   89         SH:  0    Dex:  9    Spells: 2/2 levels left

rFire   . . .      SeeInvis .   a - +0 hand axe
rCold   . . .      Faith    .   (no shield)
rNeg    . . .      Spirit   .   b - +0 animal skin
rPois   .          Reflect  .   (helmet restricted)
rElec   .          Harm     .   (no cloak)
rCorr   .          Rampage  .   (no gloves)
Will    .....                   (no boots)
Stlth   ..........              (no amulet)
HPRegen 0.16/turn               (no ring)
MPRegen 0.08/turn               (no ring)

@: berserking, very quick
A: horns 2, retaliatory headbutt
a: Renounce Religion, Berserk, Trog's Hand


You were on level 2 of the Dungeon.
You worshipped Trog.
Trog was pleased with you.
You visited 1 branch of the dungeon, and saw 2 of its levels.

You collected 89 gold pieces.

Inventory:

Hand Weapons
 a - a +0 hand axe (weapon)
Armour
 b - a +0 animal skin (worn)
Jewellery
 f - a +4 ring of slaying
Scrolls
 g - a scroll of vulnerability {unknown}
Potions
 c - a potion of degeneration {unknown}
 d - a potion of flight {unknown}
 e - a potion of heal wounds {unknown}


   Skills:
 + Level 4.1 Fighting
 * Level 4.5 Axes
 + Level 3.0 Armour
 + Level 2.8 Dodging


You had 2 spell levels left.
You didn't know any spells.
Your spell library was empty.

Dungeon Overview and Level Annotations

Branches:
Dungeon (2/15)

Altars:


Innate Abilities, Weirdness & Mutations

You have a pair of horns on your head.
You reflexively headbutt those who attack you in melee.


Message History

You feel stronger. x2
You hit the orc.
The orc is severely wounded.
The orc hits you with a +0 club.
You completely miss the orc.
The orc is severely wounded.
The orc closely misses you.
You closely miss the orc. You headbutt the orc.
You kill the orc!
Trog accepts your kill.
Your Fighting skill increases to level 4!
You hit something. Your punch misses something.
You hear some strange, mumbled words.
A magic dart appears from out of thin air!
The magic dart hits you.
You miss something. Your headbutt misses something. Something hits you.
You are too injured to fight recklessly!
You miss something. Something hits you.
You closely miss something. Something hits you.
You are too injured to fight recklessly!
You miss something. Your headbutt misses something. Something hits you.
You barely miss something. Something hits you but does no damage.
A red film seems to cover your vision as you go berserk!
You feel yourself moving faster!
You feel mighty! Something hits you.
You miss something. Something hits you.
* * * LOW HITPOINT WARNING * * *
You miss something. Your headbutt misses something. You hit something.
You hear some strange, mumbled words.
A magic dart appears from out of thin air!
The magic dart hits you!
* * * LOW HITPOINT WARNING * * *
You slash something! Trog accepts your kill.
Trog appreciates your killing of a magic user.
Reactivating autopickup.
You feel a bit more experienced.
Your Armour skill increases to level 3!
The orc hits you with a +0 flail!
You die...

.#
#######.#
.#
#.......#
.#
#.#######
'#######
#.#
.......#
#.#
.......#
#.#
.......#
#.#
.......#
#.######.#
.......#
#...o@...#
.......#
##########
.......#
.#######
.# .# .#
.# >#


You could see an orc.

Vanquished Creatures
  An orc wizard (D:2)
  3 orcs (D:2)
  2 ball pythons (D:2)
  2 endoplasms
  A giant cockroach (D:1)
  5 goblins
  A hobgoblin (D:1)
  4 kobolds
  2 quokkas
  2 bats (D:1)
  2 frilled lizards
  2 rats (D:1)
27 creatures vanquished.

Notes
Turn   | Place    | Note
-------+----------+-------------------------------------------
     0 | D:1      | Zeld the Minotaur Berserker began the quest for the Orb.
     0 | D:1      | Reached XP level 1. HP: 19/19 MP: 0/0
   113 | D:1      | Reached XP level 2. HP: 27/27 MP: 1/1
   616 | D:2      | Found a faded altar of an unknown god.
   965 | D:2      | Reached ** piety under Trog
  1101 | D:2      | Reached XP level 3. HP: 23/33 MP: 2/2
  1115 | D:2      | Slain by an orc

Illustrated notes

Levels and vault maps discovered:
D:1:      minmay_arrival_three_doors, layout_rooms
D:2:      layout_basic, basic_ecumenical_altar, chequers_serial_rivers_micro_e,
          minmay_misc_feat_pillars

Skill      XL: |  1  2  3 |
---------------+----------+-----
Axes           | 4 |  4.5
Fighting       | 4 |  4.1
Armour         | 3 |  3.0
Dodging        | |  2.8

Action                   || total
-------------------------++-------
Melee: Hand axe          ||    66
       Headbutt          ||     6
Invok: Berserk           ||     1
 Stab: Sleeping          ||     1
Armor: Animal skin       ||    16
Dodge: Dodged            ||    38
